 Dungeon Crawl Stone Soup version 0.24-a0-779-g36f0aeb (webtiles) character file.

Game seed: 5412367732239883089, levelgen mode: deterministic

84 2tousent the Shield-Bearer (level 4, -9/35 HPs)
             Began as a Formicid Fighter on Oct 7, 2019.
             Mangled by an ogre
             ... wielding a +0 giant club
              (27 damage)
             ... on level 3 of the Dungeon.
             The game lasted 00:03:34 (1783 turns).

2tousent the Shield-Bearer (Formicid Fighter)       Turns: 1783, Time: 00:03:34

Health: -9/35      AC:  6    Str: 20    XL:     4   Next: 72%
Magic:  4/4        EV:  7    Int:  8    God:
Gold:   97         SH:  9    Dex: 11    Spells: 3/3 levels left

rFire    . . .     SeeInvis +   a - +0 rapier
rCold    . . .     Gourm    .   c - +0 shield
rNeg     . . .     Faith    .   b - +0 scale mail
rPois    .         Spirit   .   (helmet unavailable)
rElec    .         Reflect  .   (no cloak)
rCorr    .         Harm     .   (no gloves)
MR       .....                  (no boots)
Stlth    +.........             (no amulet)
HPRegen  0.11/turn              (no ring)
MPRegen  0.09/turn              (no ring)

@: no status effects
A: permanent stasis, dig shafts and tunnels, four strong arms, antennae 3
a: Dig, Shaft Self


You were on level 3 of the Dungeon.
You were hungry.

You visited 1 branch of the dungeon, and saw 3 of its levels.

You collected 97 gold pieces.

Inventory:

Hand Weapons
 a - a +0 rapier (weapon)
Armour
 b - a +0 scale mail (worn)
 c - a +0 shield (worn)
Scrolls
 e - 4 scrolls of teleportation {unknown}
 g - 5 scrolls of amnesia {unknown}
 i - a scroll of fog {unknown}
 j - 2 scrolls of magic mapping {unknown}
 k - a scroll of fear {unknown}
 p - 3 scrolls of blinking {unknown}
 q - a scroll of remove curse {unknown}
 r - a scroll of enchant armour {unknown}
 t - a scroll of identify {unknown}
Potions
 d - a potion of might
 h - a potion of heal wounds {unknown}
 l - a potion of agility {unknown}
 m - a potion of resistance {unknown}
 n - a potion of invisibility
 o - a potion of flight {unknown}
 s - a potion of curing
Comestibles
 f - 6 rations


   Skills:
 - Level 3.2 Fighting
 * Level 3.4 Short Blades
 - Level 3.2 Armour
 * Level 3.5 Stealth
 - Level 3.6 Shields


You had 3 spell levels left.
You didn't know any spells.
Your spell library was empty.

Dungeon Overview and Level Annotations

Branches:
Dungeon (3/15)

Altars:
Ashenzari
Makhleb
Xom


Innate Abilities, Weirdness & Mutations

You cannot be hasted, slowed, berserked, paralysed or teleported.
You can dig through walls and to a lower floor.
Your four strong arms can wield two-handed weapons with a shield.
You have a pair of large antennae on your head. (SInv)


Message History

Done exploring.
There is a stone staircase leading down here.
You climb downwards.
Found a ration.
There is a stone staircase leading up here.
f - 6 rations (gained 1)
g - 5 scrolls labeled ZIPLYL JYUTWI (gained 3)
You open the door.
An ogre comes into view. It is wielding a +0 giant club.
The ogre shouts!
Found a shattered altar of Ashenzari.
An ogre is nearby!
Okay, then.
Your shield prevents you from hitting the ogre.
The ogre hits you with a +0 giant club!
You puncture the ogre!
The ogre is moderately wounded.
The ogre hits you with a +0 giant club!!
Ouch! That really hurt!
You die...

#.#..## #.###.##
#.# #..## {
#.###...##
#.##.....## # .
#.##......## ##..
##.##.......#...#..
#.....#######._.###
##.##......@O...#..
####.......######.
#......## #
##....## #...##
#..## #.## ###


You could see an ogre.

Vanquished Creatures
  Terence (D:2)
  A gnoll (D:2)
  An adder (D:2)
  A worm (D:2)
  2 dart slugs
  A leopard gecko (D:1)
  2 giant cockroaches (D:1)
  4 hobgoblins
  5 kobolds
  6 bats
  4 frilled lizards
  3 goblins
  4 rats (D:2)
35 creatures vanquished.

Notes
Turn   | Place    | Note
-------+----------+-------------------------------------------
     0 | D:1      | 2tousent the Formicid Fighter began the quest for the Orb.
     0 | D:1      | Reached XP level 1. HP: 18/18 MP: 1/1
   201 | D:1      | Reached skill level 1 in Stealth
   205 | D:1      | Reached XP level 2. HP: 21/24 MP: 2/2
   342 | D:1      | Found a shimmering altar of Xom.
   785 | D:2      | Reached XP level 3. HP: 24/29 MP: 3/3
  1093 | D:2      | Found a burning altar of Makhleb.
  1114 | D:2      | Noticed Terence
  1138 | D:2      | Killed Terence
  1138 | D:2      | Reached XP level 4. HP: 14/35 MP: 4/4
  1778 | D:3      | Found a shattered altar of Ashenzari.
  1778 | D:3      | Noticed an ogre
  1783 | D:3      | Mangled by an ogre

Levels and vault maps discovered:
D:1:      psy_arrival_fountain, layout_basic, serial_glass, glass_columns_a,
          glass_columns_a, glass_columns_b, glass_columns_a, glass_columns_c,
          glass_columns_a, glass_columns_b, glass_columns_a, glass_columns_b,
          glass_columns_b, glass_columns_a, glass_columns_b, glass_columns_b,
          glass_columns_b, xom_teletrap_fun
D:2:      layout_basic, overflow_temple_1_default, first_ration, minmay_unequal,
          uniq_terence
D:3:      layout_loops_ring, cheibriados_altar_1, nicolae_ashenzari_panopticon,
          mrwooster_statue_mirror

Skill      XL: |  1  2  3 |
---------------+----------+-----
Stealth        | 1 2 3 |  3.5
Short Blades   | 3 |  3.4
Fighting       | |  3.2
Armour         | |  3.2
Shields        | |  3.6

Action                   |  1- 3 |  4- 6 || total
-------------------------+-------+-------++-------
Melee: Rapier            |   125 |    22 ||   147
  Eat: Chunk             |     1 |     1 ||     2
Armor: Scale mail        |    59 |     6 ||    65
Dodge: Dodged            |    27 |     3 ||    30
Block: Shield            |    54 |    12 ||    66

Table legend:
 A = Non-vault XP
 B = Vault XP
 C = Vault XP percentage of total XP
 D = Non-vault monster count
 E = Vault monster count
 F = Vault count percentage of total count
                 A         B        C        D         E       F
            +---------+---------+-------+---------+---------+-------
      Total |      64 |      56 |  46.7 |      29 |       6 |  17.1
            +---------+---------+-------+---------+---------+-------
        D:1 |      28 |       0 |   0.0 |      15 |       0 |   0.0
        D:2 |      36 |      56 |  60.9 |      14 |       6 |  30.0
            +---------+---------+-------+---------+---------+-------
